 Dungeon Crawl Stone Soup version 0.30.2 (webtiles) character file.

Game seed: 3560376894049290097

273 porpoise the Caller (level 6, 0/32 HPs)
             Began as a Tengu Summoner on Feb 14, 2024.
             Slain by a kobold
             ... wielding a +0 short sword
              (1 damage)
             ... on level 4 of the Dungeon.
             The game lasted 00:10:12 (3858 turns).

porpoise the Caller (Tengu Summoner)                Turns: 3858, Time: 00:10:16

Health: 0/32       AC:  4    Str:  9    XL:     6   Next: 24%
Magic:  2/13       EV: 14    Int: 17    God:
Gold:   190        SH:  0    Dex: 14    Spells: 7/13 levels left

rFire   . . .        a - +0 spear
rCold   . . .        (no shield)
rNeg    . . .        d - +0 robe
rPois   .            (helmet restricted)
rElec   .            p - +0 cloak
rCorr   .            j - +0 pair of gloves
SInv    .            (boots unavailable)
Will    .....        (no amulet)
Stlth   ++           (no ring)
HPRegen 0.25/turn    (no ring)
MPRegen 0.13/turn

%: no passive effects
@: lethally poisoned (0 -> -12), flying quickly and evasively, quick
A: beak, talons 3, nimble flight
a: no special abilities


You were on level 4 of the Dungeon.
You visited 1 branch of the dungeon, and saw 4 of its levels.

You collected 190 gold pieces.

Inventory:

Hand Weapons
 a - a +0 spear (weapon)
 b - a +0 sling
 n - a +0 dagger
Missiles
 s - 4 poisoned darts
Armour
 d - a +0 robe (worn)
 j - a +0 pair of gloves (worn)
 p - a +0 cloak (worn)
Scrolls
 h - a scroll of poison {unknown}
 l - a scroll of fog {unknown}
 o - a scroll of summoning {unknown}
 t - a scroll of teleportation {unknown}
Potions
 c - a potion of flight {unknown}
 f - a potion of magic
 g - 2 potions of ambrosia {unknown}
 i - 2 potions of lignification
 k - a potion of attraction {unknown}
 m - 4 potions of curing
 q - 2 potions of resistance {unknown}
 r - a potion of haste {unknown}


   Skills:
 - Level 2.1 Dodging
 - Level 2.0 Stealth
 + Level 4.3 Spellcasting
 + Level 7.1 Summonings


You had 7 spell levels left.
You knew the following spells:

 Your Spells              Type           Power      Damage    Failure   Level
a - Summon Small Mammal   Summ           100%       N/A       1%          1
b - Call Imp              Summ           54%        N/A       1%          2
c - Call Canine Familiar  Summ           27%        N/A       2%          3

Your spell library contained the following spells:

 Spells                   Type           Power      Damage    Failure   Level
 Summon Guardian Golem    Hex/Summ       15%        N/A       11%         3
 Shock                    Conj/Air       12%        1d3       16%         1
 Sting                    Tmut/Pois      12%        1d3       16%         1
 Ensorcelled Hibernation  Hex/Ice        6%         N/A       22%         2
 Passwall                 Tmut/Erth      2%         N/A       22%         2
 Poisonous Vapours        Pois/Air       6%         N/A       22%         2
 Summon Lightning Spire   Summ/Air       15%        N/A       34%         4
 Swiftness                Air            3%         N/A       41%         3
 Airstrike                Air            1%         2d(1-17)  83%         4
 Olgreb's Toxic Radiance  Pois           3%         N/A       83%         4


Dungeon Overview and Level Annotations

Branches:
Dungeon (4/15)
 Temple: D:4-7

Altars:
Nemelex Xobeh
Trog

Annotations:
D:3 2 transporters, porpoise's ghost, amateur HuHu


Innate Abilities, Weirdness & Mutations

You have a beak for a mouth.
You have claws for feet.
Your magical nature lets you fly swiftly and evasively.


Message History

Your hound bites the water moccasin.
Your quokka closely misses the kobold.
Your cerulean imp hits the water moccasin but does no damage.
The water moccasin closely misses your hound.
The kobold completely misses you.
Your quokka barely misses the kobold.
Your hound bites the water moccasin.
Reach: a) +0 spear
Press: ? - help, Dir - move target, f/p - water moccasin
Aim: a water moccasin (moderately wounded, ally target, about 58% to evade your +0 spear)
You could not reach far enough!
The water moccasin bites your hound.
Your hound dies!
Your hound's corpse disappears in a puff of smoke!
Your cerulean imp completely misses the water moccasin.
The kobold hits you but does no damage.
Your quokka barely misses the kobold.
Your cerulean imp completely misses the water moccasin.
Reach: a) +0 spear
Press: ? - help, Dir - move target, f/p - water moccasin
Aim: a water moccasin (grey smoke, moderately wounded, ally target, about 58% to evade your +0 spear)
You closely miss the water moccasin. Your kick misses the water moccasin.
The water moccasin is moderately wounded.
The water moccasin closely misses you.
Your quokka completely misses the kobold.
The kobold closely misses you.
Your cerulean imp closely misses the water moccasin.
The water moccasin bites you.
Casting: Call Canine Familiar (dangerous; 2% risk of failure)
Confirm with . or Enter, or press ? or * to list all spells.
Your quokka bites the kobold but does no damage.
The kobold closely misses you. The water moccasin bites you.
* * * LOW HITPOINT WARNING * * *
You are lethally poisoned!
The water moccasin poisons you!
Your cerulean imp barely misses the water moccasin.
As you read the scroll labelled OTSASA TEURO, it crumbles to dust.
You feel aware of your surroundings.
You sensed 1 altar.
It was a scroll of magic mapping.
* * * LOW HITPOINT WARNING * * *
You feel very sick.
Your quokka barely misses the kobold.
The water moccasin closely misses you.
The kobold hits you with a +0 short sword.
You die...

#
##.#.####...........#,,,*,***,*
# #.#.................,,,*,*
*,, #
#.######...........#,,,,,***,*
# #.# #####...#####.,,,*,,,** #
#.# #.........,,,***,** # #.#
#..>######,,,***,** #.# #r..#
*,*,,,,,** ####.# *#######5##
*,,,,,,*** ..##.# *...."rK@S#*
***,******
.....#***.####h###$#* *,* *,
..#.##*,,,,,..#*
*#.#*****,*****, .##.#
*,*,....* *...,,**,,,,,,, .##.#
*,*...g,** **,###,********,
###.# *,*)..,,,***,,* *,* *,
###.# *,,...,,,,,,*,*
*,********* ....#
***,,*,,,,,,,,* *,*,,,,,* #####
*,,,,,,,,**** *,*,***,*


You could see a water moccasin (ally target), a kobold (ally target), a friendly
hound (summoned), a friendly cerulean imp (summoned) and 2 friendly quokkas.

Vanquished Creatures
  A scorpion (D:4)
  Crazy Yiuf (D:2)
  5 adders
  A dart slug (D:2)
  An orc (D:3)
  6 endoplasms
  2 giant cockroaches (D:3)
  2 goblins
  2 hobgoblins (D:1)
  4 jackals
  3 kobolds
  2 ball pythons
  2 bats
  A frilled lizard (D:3)
  A rat (D:3)
34 creatures vanquished.

Vanquished Creatures (collateral kills)
  6 adders
  2 worms (D:2)
  3 orcs (D:3)
  3 ball pythons
  3 endoplasms
  A giant cockroach (D:2)
  6 goblins
  2 hobgoblins (D:2)
  8 jackals
  2 quokkas (D:2)
  A frilled lizard (D:1)
  3 kobolds
  2 rats
42 creatures vanquished.

Grand Total: 76 creatures vanquished

Notes
Turn   | Place    | Note
-------+----------+-------------------------------------------
     0 | D:1      | porpoise the Tengu Summoner began the quest for the Orb.
     0 | D:1      | Reached XP level 1. HP: 10/10 MP: 4/4
   185 | D:1      | Reached skill level 5 in Summonings
   318 | D:1      | Reached XP level 2. HP: 15/15 MP: 6/6
   759 | D:1      | Reached XP level 3. HP: 19/19 MP: 4/7
  1320 | D:2      | Learned a level 2 spell: Call Imp
  1324 | D:2      | Learned a level 3 spell: Call Canine Familiar
  1432 | D:2      | Reached XP level 4. HP: 19/24 MP: 9/9
  1835 | D:2      | Reached skill level 6 in Summonings
  2435 | D:2      | Found a runed translucent door.
  2436 | D:2      | Noticed Crazy Yiuf
  2464 | D:2      | Killed Crazy Yiuf
  2465 | D:2      | Gained mutation: Your magical nature lets you fly swiftly
                  | and evasively. [Tengu growth]
  2465 | D:2      | Reached XP level 5. HP: 28/28 MP: 1/11
  3080 | D:3      | Found a transporter.
  3087 | D:3      | Noticed porpoise's ghost (amateur HuHu)
  3087 | D:3      | Noticed an ogre
  3245 | D:3      | Found a sparkling altar of Nemelex Xobeh.
  3359 | D:3      | Found a bloodstained altar of Trog.
  3559 | D:3      | Identified the +10 dire flail of Disintegration {drain,
                  | rElec Will+ rCorr Dex+3}
  3559 | D:3      | Noticed an ogre
  3562 | D:3      | Found a transporter.
  3738 | D:4      | Reached skill level 7 in Summonings
  3738 | D:4      | Reached XP level 6. HP: 29/32 MP: 11/13
  3839 | D:4      | Noticed a water moccasin
  3858 | D:4      | HP: 1/32 [poisoned by a water moccasin]
  3858 | D:4      | Slain by a kobold

Illustrated notes

Levels and vault maps discovered:
D:1:      giann_wishing_wells, layout_basic, nrook_loot_triangle,
          minmay_door_square
D:2:      layout_basic, uniq_crazy_yiuf_cottage
D:3:      layout_basic, mainiacjoe_overflow_catwalk,
          lemuel_coloured_pillars_altar, gammafunk_ghost_smash,
          grunt_ministairs_5
D:4:      layout_loops_cross, nicolae_dithmenos_shadow_blocks

Skill      XL: |  1  2  3  4  5 |
---------------+----------------+-----
Summonings     | 5 6 7 |  7.1
Spellcasting   | 3 4 |  4.3
Dodging        | |  2.1
Stealth        | |  2.0

Action                     |  1- 3 |  4- 6 || total
---------------------------+-------+-------++-------
  Melee: Unarmed           |     2 |       ||     2
         Dagger            |     6 |     5 ||    11
         Kick              |     1 |    16 ||    17
         Peck              |     1 |     9 ||    10
         Spear             |       |    83 ||    83
         Punch             |       |     1 ||     1
   Fire: Sling             |    54 |    29 ||    83
   Cast: Summon Small Mamm |    40 |    15 ||    55
         Call Canine Famil |       |    12 ||    12
         Call Imp          |       |     4 ||     4
    Use: Scroll            |       |     3 ||     3
   Stab: Sleeping          |       |     7 ||     7
 Armour: Robe              |    10 |    25 ||    35
  Dodge: Dodged            |    48 |    56 ||   104
